Cogmind - Beta 14 @@@ ROGUE MODE // 2025.01.04 @ 22:23:31 Player: jumpy Result: Self-destructed Performance ------------- Evolutions (1) 500 Regions Visited (3) 600 Robots Destroyed (21) 105 Value Destroyed (563) 563 Prototype IDs (3) 60 Alien Tech Used (0) 0 Bonus (7) 7 TOTAL SCORE: 1835 Bonus ------- Follower Combat Kills 7 Cogmind --------- Core Integrity 203/400 Matter 266/300 Energy 125/125 System Corruption 4% Temperature Cool (0) Movement Flying (122) Ox1 Location -9/Materials Parts ------- > --- POWER (1) -------- Light Ion Engine > --- PROPULSION (4) --- Compact Wheel Flight Unit Flight Unit > --- UTILITY (2) ------ Small Storage Unit > --- WEAPON (2) ------- Small Laser Spread Laser > --- INVENTORY (8) ---- Light Ion Engine Heavy Ion Engine Light Armor Plating EM Pulse Gun Assault Rifle Peak State ------------ > --- POWER ------------ Light Nuclear Core > --- PROPULSION ------- Wheel Wheel Compact Wheel Compact Wheel > --- UTILITY ---------- Small Storage Unit Medium Armor Plating > --- WEAPON ----------- Improved Medium Laser Assault Rifle > --- INVENTORY -------- Light Ion Engine Light Ion Engine Light Armor Plating EM Pulse Gun Small Laser [Rating: 14] Favorites ----------- Power Light Nuclear Core Engine Light Ion Engine Power Core Light Nuclear Core Propulsion Compact Wheel Wheel Compact Wheel Flight Unit Flight Unit Utility Small Storage Unit Device Seismic Detector Storage Small Storage Unit Protection Medium Armor Plating Weapon Small Laser Energy Gun Small Laser Ballistic Gun Assault Rifle Build | -11 -10 -10 -9 ------- Run | Yrd Mat Min Mat Slots Evolved 2 | . . . 2 Power . | . . . . Propulsion 2 | . . . 2 Utility . | . . . . Weapon . | . . . . Parts Attached 25 | 6 2 . 17 Power 5 | 1 1 . 3 Engine 4 | 1 . . 3 Core 1 | . 1 . . Reactor . | . . . . Propulsion 11 | 2 . . 9 Treads . | . . . . Leg . | . . . . Wheel 8 | 2 . . 6 Hover . | . . . . Flight 3 | . . . 3 Utility 3 | 1 1 . 1 Device 1 | . 1 . . Storage 1 | 1 . . . Processor . | . . . . Hackware . | . . . . Protection 1 | . . . 1 Artifact . | . . . . Weapon 6 | 2 . . 4 Energy Gun 4 | 1 . . 3 Energy Cannon . | . . . . Ballistic Gun 2 | 1 . . 1 Ballistic Cannon . | . . . . Launcher . | . . . . Special Weapon . | . . . . Impact Weapon . | . . . . Slashing Weapon . | . . . . Piercing Weapon . | . . . . Special Melee Weapon . | . . . . Unidentified Prototypes 3 | . . . 3 Parts Lost 4 | . . . 4 Power . | . . . . Propulsion 1 | . . . 1 Utility 2 | . . . 2 Weapon 1 | . . . 1 Highest Loss Streak 1 | . . . 1 To Critical Strikes . | . . . . Average Slot Usage (%) 91 | . 99 100 86 Engine 7 | . 12 . 7 Core 4 | . 1 14 3 Wheel 32 | . 28 28 35 Device 5 | . 13 14 . Storage 12 | . 14 14 11 Protection 3 | . . . 5 Energy Gun 16 | . 14 14 18 Ballistic Gun 7 | . 14 14 3 Peak Build Rating 14 | 6 9 9 14 Average Rating 9 | 3 7 9 11 On Entrance 6 | . 6 9 9 Naked Turns . | . . . . Heaviest Build 25 | 11 14 14 25 Greatest Support 64 | 32 32 32 64 Greatest Overweight (x) 4 | . . . 4 Average Overweight (x) . | . . . . Largest Inventory Capacity 8 | 8 8 8 8 Average Capacity 7 | 6 8 8 8 Most Carried 6 | 2 3 4 6 Average Carried 3 | . 2 3 5 Final Capacity 8 | 8 8 8 8 Final Carried 5 | 2 3 4 5 Class Distribution -------------------- 100% | Mutant Dominant Class ---------------- Mutant | -10/Materials Mutant | -10/Mines Mutant | -9/Materials Resources | -11 -10 -10 -9 ----------- Run | Yrd Mat Min Mat Matter Collected 466 | 197 36 51 182 Remotely . | . . . . Salvage Created 673 | . 116 . 557 Parts 56 | . 13 . 43 Haulers Intercepted 1 | . . . 1 Recyclers Shooed . | . . . . Parts Field Recycled . | . . . . Retrieved Matter . | . . . . Parts Self-Destructed . | . . . . Prevented . | . . . . Kills | -11 -10 -10 -9 ------- Run | Yrd Mat Min Mat Combat Hostiles Destroyed 18 | . 2 . 16 Guns 18 | . 2 . 16 Classes Destroyed 6 | . 2 . 4 Builder 1 | . . . 1 Hauler 1 | . . . 1 Watcher 1 | . 1 . . Swarmer 5 | . . . 5 Grunt 11 | . 2 . 9 Sentry 2 | . . . 2 Best Kill Streak 5 | . 1 . 5 Combat Bots Only 5 | . 1 . 5 Max Kills in Single Turn 2 | . 1 . 2 Gunslinging . | . . . . Exploded . | . . . . Melee . | . . . . Uniques/NPCs Destroyed . | . . . . Combat | -11 -10 -10 -9 -------- Run | Yrd Mat Min Mat Hostile Shots Fired 94 | . 11 . 83 Missed 21 | . 2 . 19 Damage Taken 855 | . 158 . 697 Core 261 | . 64 . 197 Absorbed by Shields . | . . . . Core Remaining (%) 87 | 100 . 74 . Volleys Fired 50 | . 9 . 41 Largest 2 | . 2 . 2 Hottest 121 | . 60 . 121 Shots Fired 82 | . 18 . 64 Gun 82 | . 18 . 64 Cannon . | . . . . Launcher . | . . . . Special . | . . . . Kinetic 19 | . 9 . 10 Thermal 63 | . 9 . 54 Explosive . | . . . . Electromagnetic . | . . . . Robot Hit Streak 8 | . 3 . 8 Robot Miss Streak 4 | . 2 . 4 Penetration Max . | . . . . Secondary Targets 2 | . . . 2 Max Gunslinging Chain 1 | . . . 1 Shots Hit Robots 61 | . 11 . 50 Core Hits 62 | . 6 . 56 Critical Kills . | . . . . Critical Parts Destroyed . | . . . . Critical Strikes 2 | . . . 2 Burn 2 | . . . 2 Melee Attacks . | . . . . Impact . | . . . . Slashing . | . . . . Piercing . | . . . . Sneak Attacks . | . . . . Combat Hostiles . | . . . . Follow-up Attacks . | . . . . Damage Inflicted 929 | . 142 . 787 Guns 851 | . 124 . 727 Cannons . | . . . . Explosions . | . . . . Melee . | . . . . Ramming 78 | . 18 . 60 Kinetic 140 | . 60 . 80 Thermal 711 | . 64 . 647 Explosive . | . . . . Electromagnetic . | . . . . Impact . | . . . . Slashing . | . . . . Piercing . | . . . . Highest Corruption 4 | . . . 4 Average Corruption 3 | . . . 3 Corruption Purged . | . . . . Corruption Blocked . | . . . . Effects 5 | . . . 5 Matter Fused 2 | . . . 2 Energy Discharges 1 | . . . 1 Parts Rejected 1 | . . . 1 Data Loss (major) 1 | . . . 1 Overload Shots . | . . . . Overflow Damage . | . . . . Projectiles . | . . . . Explosions . | . . . . Melee . | . . . . Knockbacks 1 | . . . 1 Impact 1 | . . . 1 Kinetic . | . . . . Secondary . | . . . . Self-Inflicted Damage 35 | . 9 . 26 Shots . | . . . . Rammed 18 | . 4 . 14 Targets Rammed 18 | . 4 . 14 Kicked . | . . . . Crushed . | . . . . Highest Temperature 455 | . 45 . 455 Average Temperature 139 | . 20 . 156 Received Heat Transfer 366 | . 111 . 255 Effects 6 | . . . 6 Shutdowns 2 | . . . 2 Interference 2 | . . . 2 Short Circuit 2 | . . . 2 Siege Activations . | . . . . Robots Corrupted . | . . . . Combat Hostiles . | . . . . Parts Fried . | . . . . Impact Corruptions . | . . . . Robots Melted . | . . . . Combat Hostiles . | . . . . Parts Melted 1 | . . . 1 Heat Transferred 1345 | . 150 . 1195 Parts Sabotaged . | . . . . Parts Stolen . | . . . . Parts Stripped . | . . . . Power Chain Reactions . | . . . . Alert | -11 -10 -10 -9 ------- Run | Yrd Mat Min Mat Peak Influence 281 | . 103 39 281 Initial 39 | . . 39 14 Average 91 | . 31 39 130 Maximum Alert Level 1 | . . . 1 Low Security (%) 89 | 100 100 100 83 Level 1 10 | . . . 16 Level 2 . | . . . . Level 3 . | . . . . Level 4 . | . . . . Level 5 . | . . . . High Security . | . . . . Max Security . | . . . . Squads Dispatched 4 | . 1 1 2 Investigation . | . . . . Extermination . | . . . . Reinforcement 3 | . 1 . 2 Assault 1 | . . 1 . Garrison . | . . . . Intercept . | . . . . Searches Triggered . | . . . . Construction Impeded . | . . . . Haulers Reinforced . | . . . . Active Scanning Responses . | . . . . Cargo Convoy Interrupts . | . . . . Stealth | -11 -10 -10 -9 --------- Run | Yrd Mat Min Mat Distress Signals 2 | . 1 . 1 Communications Jammed . | . . . . Distress Signals . | . . . . Times Spotted 35 | . 7 . 28 Peak Tracking Total 5 | . 3 . 5 Tactical Retreats 3 | . 2 . 1 Traps | -11 -10 -10 -9 ------- Run | Yrd Mat Min Mat Traps Triggered . | . . . . Indirectly . | . . . . Trap Hack Attempts . | . . . . Triggered . | . . . . Disarmed . | . . . . Reprogrammed . | . . . . Reused . | . . . . Traps Extracted . | . . . . Installed . | . . . . Triggered . | . . . . Machines | -11 -10 -10 -9 ---------- Run | Yrd Mat Min Mat Machines Disabled . | . . . . Max in Single Turn . | . . . . Machines Repaired . | . . . . Machines Dismantled . | . . . . Machines Sabotaged . | . . . . Overloaded Fab Kills . | . . . . Hacking | -11 -10 -10 -9 --------- Run | Yrd Mat Min Mat Machines Accessed 2 | . 1 . 1 Terminals 2 | . 1 . 1 Fabricators . | . . . . Repair Stations . | . . . . Recycling Units . | . . . . Scanalyzers . | . . . . Garrison Access . | . . . . Total Hacks 5 | . 2 . 3 Successful 3 | . 1 . 2 Failed 2 | . 1 . 1 Catastrophic . | . . . . Database Lockouts . | . . . . Manual . | . . . . Terminals 5 | . 2 . 3 Fabricators . | . . . . Repair Stations . | . . . . Recycling Units . | . . . . Scanalyzers . | . . . . Garrison Access . | . . . . Terminal Hacks 3 | . 1 . 2 Alert Level 1 | . . . 1 Locate Traps 1 | . . . 1 Transport Status 1 | . 1 . . Fabricator Hacks . | . . . . Repair Station Hacks . | . . . . Recycling Unit Hacks . | . . . . Scanalyzer . | . . . . Garrison Access Hacks . | . . . . Unauthorized Hacks . | . . . . Terminals . | . . . . Fabricators . | . . . . Repair Stations . | . . . . Recycling Units . | . . . . Scanalyzers . | . . . . Garrison Access . | . . . . Data Cores Recovered . | . . . . Used . | . . . . Hacking Detections 1 | . . . 1 Full Trace Events . | . . . . Feedback Events . | . . . . Feedback Blocked . | . . . . Robot Schematics Acquired . | . . . . Robots Built . | . . . . Authchips . | . . . . Time . | . . . . Total Robot Build Rating . | . . . . Part Schematics Acquired . | . . . . Parts Built . | . . . . Authchips . | . . . . Time . | . . . . Total Part Build Rating . | . . . . Parts Repaired . | . . . . Time . | . . . . Parts Recycled . | . . . . Recycled Matter . | . . . . Retrieved Matter . | . . . . Retrieved Components . | . . . . Parts Scanalyzed . | . . . . Part Schematics Acquired . | . . . . Parts Damaged . | . . . . Bothacking | -11 -10 -10 -9 ------------ Run | Yrd Mat Min Mat Used RIF Installer . | . . . . Robots Hacked . | . . . . Non-combat . | . . . . Combat . | . . . . Robot Hacks Applied . | . . . . Relay Couplers Released . | . . . . Fabnet Peak Effective % . | . . . . Robots Rewired . | . . . . Allies Hacked . | . . . . Hacks Repelled . | . . . . Allies | -11 -10 -10 -9 -------- Run | Yrd Mat Min Mat Total Allies 1 | . . 1 . Largest Group 1 | . . 1 1 Highest-Rated Group 31 | . . 31 31 Highest-Rated Ally 31 | . . 31 31 Total Orders . | . . . . Ally Attacks 2 | . . . 2 Total Damage 44 | . . . 44 Kills 1 | . . . 1 Allies Corrupted . | . . . . Allies Melted . | . . . . Intel | -11 -10 -10 -9 ------- Run | Yrd Mat Min Mat Robot Analysis Total . | . . . . Derelict Logs Recovered . | . . . . Drone Launches . | . . . . Drone Recoveries . | . . . . Exploration | -11 -10 -10 -9 ------------- Run | Yrd Mat Min Mat Turns Passed 1128 | 64 273 99 692 Spaces Moved 881 | 68 192 94 527 Core 32 | 32 . . . Treads . | . . . . Legs . | . . . . Wheels 791 | 36 192 94 469 Hover . | . . . . Flight 58 | . . . 58 Fastest Speed 39 | 50 100 100 39 Average Speed 92 | 76 100 100 90 Slowest Speed 370 | 100 100 100 370 Overloaded Moves . | . . . . Propulsion Burnouts . | . . . . Robots Hopped 1 | . . . 1 Cave-ins Triggered . | . . . . Exploration Rate (%) 23 | 3 33 22 35 Regions Visited 3 Branch Regions 1 Pre-discovered Areas . | . . . . Known Exits Taken . | . . . . Unknown Exits Taken 3 | 1 1 1 . Scrap Searched 1 | . . 1 . Spaces Dug . | . . . . Terrain Destroyed . | . . . . Melee . | . . . . Projectile . | . . . . AOE . | . . . . Terrain Rammed . | . . . . Walls Destroyed . | . . . . Machines Disabled . | . . . . Actions | -11 -10 -10 -9 --------- Run | Yrd Mat Min Mat Total 1102 | 76 254 99 673 Wait 113 | 1 48 5 59 Move 876 | 67 191 93 525 Hop 1 | . . . 1 Pick Up 9 | 2 . 1 6 Fast Attach 13 | 6 1 . 6 Attach 4 | . . . 4 Detach 1 | . . . 1 Swap 9 | . 1 . 8 Drop 8 | . . . 8 Fire 50 | . 9 . 41 Melee . | . . . . Ram 18 | . 4 . 14 Kick . | . . . . Crush . | . . . . Escape Stasis . | . . . . Rewire . | . . . . Trap . | . . . . Miscellaneous . | . . . . Route ------- -11/Scrapyard -10/Materials -10/Mines -9/Materials History --------- Turn | Location | Event 5 | -11/Scrapyard | Discovered new exit (range 15) 65 | -11/Scrapyard | Entered Materials 259 | -10/Materials | Discovered new exit (range 15) 306 | -10/Materials | Build established: Mutant 338 | -10/Materials | Entered Mines 343 | -10/Mines | Met a Derelict testing a Signal Generator 420 | -10/Mines | Discovered new exit (range 14) 437 | -10/Mines | Entered Materials 437 | -9/Materials | Accompanied by 1 ally 437 | -9/Materials | Evolved 2 slots: Propulsion x2 1129 | -9/Materials | Self-destructed Last Messages --------------- 01091_ Acquired Flight Unit. 01092_ K-01 Serf cleans the Purification Channel. 01093_ Acquired 11 matter. 01093_ K-01 Serf collects debris. 01095_ K-01 Serf cleans the Purification Channel. 01095_ R-06 Scavenger collects Flight Unit. 01097_ K-01 Serf collects debris. 01097_ Dropped Com. Wheel. 01099_ K-01 Serf cleans the Purification Channel. 01105_ Connecting with Terminal... 01105_ Current location identified: Materials >>Alert(Check) Current Alert Level: 1-I >>Traps(Locate) Found 6 traps in 1 array: 6x Alarm Trap Map updated. 01111_ ALERT: Hostiles spotted, dispatching reinforcements to Terminal M010. 01118_ System corrupted: Flight Unit rejected. Map ----- +----------------------------------------------------+ | | | | | | | | | | | ?????????????????????????????????????????????????? | | ?????????????????????????????????????????????????? | | ?????????????????????????????????????????????????? | | ?????????????????????????????????????????????????? | | ?????????????????????????????????????????????????? | | ?????????????????????????????????????????????????? | | ?????????????????????????????????????????????????? | | ?????????#???????????????????????????????????????? | | ????????? ??????????????????????????????????????? | | ?????????? ????????????????????????????????#?????? | | ?????????? ?????????????????????????????? #?????? | | ??????????? ?????????????????????##+###### #?????? | | ???????????# ????????????????????# +?????? | | ???????##### ????????????????????# ####### | | ???????#!! ???????????????????# | | ???????#!! ???????????????????+ | | ???????#== ??????????????????# | | ???????#== ################??# """ """ | | ???????#[[ l ####k """""""""% | | ???????#[[ ########## """"" " [ | | ???????##### ?????????#@ T = % %%% | | ???????????# ??????????# kk % | | ???????????# ??????????# ########### ######## | | ???????????# ???????????## ##?????????# #???# | | ???????????# ????????????# #??????????# #???# "" | | ???????????#?????????????# #??????????# #???# "" | | ?????????????????????????#g +??????????# #???# "" | | ?????????????????????????# #??????????# #???# "" | | ?????????????????????????#g #??????????# #???# "" | | ??????????????????????####= ############ ##??# | | ????????????????????""" #??#### | | ???????????????^????"T" #?##### | | ?????????????^??? | | ????????????????" ######################### | | ????????????????" ????????????????????????? | | ???????????????? ????????????????????????? | | ??????????????? ????????????????????????? | | ??????????????"""^ """ ?????????????????????????? | | ????????????^^?"" ^""" ?????????????????????????? | | ????????????????" ???" ?????????????????????????? | | ???????????????? ???? ??????????????????????????? | | ????????????????????? ??????????????????????????? | | ???????????????????? ??????????????????????????? | | ?????????????????????????????????????????????????? | | ?????????????????????????????????????????????????? | +----------------------------------------------------+ Best States ------------- Heat Dissipation 28 Energy Generation 14 Energy Capacity 280 Matter Stores 300 Matter Capacity 300 Sight Range 16 Terrain Scan Density 10 Armor Coverage 225 Evasion (%) 62 Item Schematics ----------------- None Robot Schematics ------------------ None Fabricated ------------ Nothing Alien Tech Used ----------------- None Achievements -------------- None Challenges ------------ None Game ------ Seed CargoSchematicMinigun Manual? 0 Play Time 00:12:08 Cumulative 11.7 hours Start 2025.01.04 @ 22:07:30 End 2025.01.04 @ 22:23:31 Sessions 3 Manual Loads 0 Difficulty Rogue Special Mode None Game No. 34 Rogue 34 Adventurer 0 Explorer 0 Win Type - Total 0 Types 0/0/0/0/0/0/0/0/0 Lore% 5 Gallery% 21 Achievement% 18 Wizard Run 0 Options --------- Layout 0 ASCII 0 Keyboard 0 Movement Numpad Keybinds 0 Fullscreen 2 Font 18/Terminus Map View 76x50 Zoom Use 0% Tactical HUD 1 Map Filters NONE Filters NONE Steam 1 RUN: 18c4a7e1-8378-4d27-8e7e-05bcabaed9c2